 Dungeon Crawl Stone Soup version 0.29.0-13-gc9e81de378 (webtiles) character file.

Game seed: 3515518181894364719

1857 gebbletook2 the Trooper (level 8, -18/68 HPs)
             Began as a Mummy Fighter on Sept 10, 2022.
             Demolished by a gargoyle
             ... wielding a +0 mace
              (20 damage)
             ... on level 7 of the Dungeon.
             The game lasted 00:11:11 (9504 turns).

gebbletook2 the Trooper (Mummy Fighter)             Turns: 9504, Time: 00:11:11

Health: -18/68     AC: 12    Str: 22    XL:     8   Next: 89%
Magic:  8/8        EV: 11    Int:  7    God:
Gold:   392        SH:  4    Dex: 11    Spells: 7/7 levels left

rFire   x . .      SeeInvis .   o - +0 hand axe (vorpal)
rCold   + . .      Faith    .   c - +0 buckler
rNeg    + + +      Spirit   .   u - +4 ring mail
rPois   ∞          Reflect  .   n - +0 helmet
rElec   .          Harm     .   (no cloak)
rCorr   .          Rampage  .   v - +0 pair of gloves
Will    +....                   (no boots)
Stlth   +.........              p - amulet of the acrobat
HPRegen 0.21/turn               (no ring)
MPRegen 0.11/turn               (no ring)

@: no status effects
A: cold resistance 1, negative energy resistance 3, torment resistance 2, heat
vulnerability 1, in touch with death 1, no potions
a: no special abilities


You were on level 7 of the Dungeon.
You visited 2 branches of the dungeon, and saw 8 of its levels.
You also visited: Sewer.

You collected 392 gold pieces.

Inventory:

Hand Weapons
 a - a +0 war axe
 o - a +0 vorpal hand axe (weapon)
Missiles
 b - a throwing net
 i - 15 boomerangs
 j - 11 poisoned darts (quivered)
 r - a curare-tipped dart
Armour
 c - a +0 buckler (worn)
 n - a +0 helmet (worn)
 u - a +4 ring mail (worn)
 v - a +0 pair of gloves (worn)
Jewellery
 e - a ring of fire
 p - an amulet of the acrobat (around neck)
Wands
 g - a wand of flame (26)
 m - a wand of roots (10)
 q - a wand of light (3)
Scrolls
 d - a scroll of fear
 f - 3 scrolls of torment
 h - 2 scrolls of enchant armour
 k - 2 scrolls of magic mapping
 l - 4 scrolls of butterflies
 s - a scroll of teleportation
 t - a scroll of poison {unknown}
 w - a scroll of summoning
 x - a scroll of blinking


   Skills:
 * Level 7.8 Fighting
 + Level 3.8 Axes
 * Level 3.1 Throwing
 + Level 4.0 Armour
 * Level 2.6 Dodging
 + Level 3.1 Shields
 * Level 2.7 Evocations


You had 7 spell levels left.
You didn't know any spells.
Your spell library contained the following spells:

 Spells                   Type           Power      Damage    Failure   Level
 Static Discharge         Conj/Air       0%         3-3/arc   82%         2
 Gell's Gravitas          Tloc           0%         N/A       96%         3
 Lesser Beckoning         Tloc           0%         N/A       96%         3
 Portal Projectile        Hex/Tloc       0%         N/A       96%         3
 Teleport Other           Tloc           0%         N/A       96%         3
 Tukima's Dance           Hex            0%         N/A       96%         3
 Iskenderun's Mystic Bla  Conj/Tloc      0%         2d3       100%        4
 Freezing Cloud           Conj/Ice/Air   0%         6-21      100%        5
 Conjure Ball Lightning   Conj/Air       0%         3x3d6     100%        6
 Blade Hands              Tmut           Unusable   N/A       N/A         5

Dungeon Overview and Level Annotations

Branches:
Dungeon (7/15)             Temple (1/1) D:5           Sewer (visited)

Altars:
Ashenzari
Cheibriados
Dithmenos
Fedhas
Hepliaklqana
Kikubaaqudgha
Makhleb
Nemelex Xobeh
Okawaru
Qazlal
Ru
Sif Muna
Trog
Uskayaw
Wu Jian
Xom
Yredelemnul


Innate Abilities, Weirdness & Mutations

You are immune to poison.
Your flesh is cold resistant. (rC+)
You are immune to negative energy. (rN+++)
You are immune to unholy pain and torment.
You are vulnerable to heat. (rF-)
You are in touch with the powers of death.
You do not drink.


Message History

The gargoyle is moderately damaged.
The gargoyle hurls a stone arrow at you.
The stone arrow misses you.
You hit the gargoyle but do no damage.
The gargoyle is moderately damaged.
You block the gargoyle's attack.
You completely miss the gargoyle.
The gargoyle is moderately damaged.
The gargoyle hits you with a +0 mace!
You hit the gargoyle but do no damage.
The gargoyle is moderately damaged.
The gargoyle closely misses you. You block the gargoyle's attack.
You closely miss the gargoyle.
The gargoyle is moderately damaged.
You block the gargoyle's attack.
You hit the gargoyle but do no damage.
The gargoyle is moderately damaged.
The gargoyle hits you with a +0 mace!
You hit the gargoyle but do no damage.
The gargoyle is moderately damaged.
The gargoyle hurls a stone arrow at you.
The stone arrow hits you!!
You hit the gargoyle but do no damage.
The gargoyle is lightly damaged.
The gargoyle closely misses you.
Aiming: Bolt of Light
Press: ? - help, Shift-Dir - straight line, f - gargoyle
Aim: a gargoyle, wielding a +0 mace (lightly damaged, 86% to hit)
The bolt of light hits the gargoyle.
The gargoyle is moderately damaged.
The gargoyle is blinded.
The gargoyle hits you with a +0 mace!!
* * * LOW HITPOINT WARNING * * *
Unknown command.
You hit the gargoyle but do no damage.
The gargoyle is moderately damaged.
The gargoyle completely misses you.
You barely miss the gargoyle.
The gargoyle is moderately damaged.
The gargoyle hits you with a +0 mace!!
You die...

# .## ..#
#.# # #.#
.# #9###.#
#@#...#
#####...#
.........#
########.##
#..#
##.#####
#.....#
#####.##
#..###


You could see a gargoyle (blind).

Vanquished Creatures
  Maggie (D:6)
  A steam dragon (D:6)
  A water moccasin (D:6)
  An ogre (D:4)
  2 phantoms (D:5)
  A kobold brigand (Sewer)
  A bullfrog (D:6)
  A necrophage (D:6)
  A gnoll sergeant (D:5)
  A jelly (D:4)
  An orc priest (D:5)
  A gnoll bouda (D:5)
  8 hounds
  3 iguanas
  Natasha (thrice) (D:3)
  An orc wizard (D:6)
  Robin (D:4)
  8 gnolls (D:5)
  10 adders
  2 river rats (Sewer)
  A white imp (D:5)
  An ufetubus (D:5)
  5 worms
  3 dart slugs
  22 orcs
  7 ball pythons
  3 bats
  8 endoplasms
  8 giant cockroaches
  18 goblins
  10 hobgoblins
  8 jackals
  4 quokkas
  2 frilled lizards (D:1)
  8 kobolds
  12 rats
169 creatures vanquished.

Vanquished Creatures (others)
  15 plants (D:4)
15 creatures vanquished.

Grand Total: 184 creatures vanquished

Notes
Turn   | Place    | Note
-------+----------+-------------------------------------------
     0 | D:1      | gebbletook2 the Mummy Fighter began the quest for the Orb.
     0 | D:1      | Reached XP level 1. HP: 18/18 MP: 1/1
    43 | D:1      | Got Sif Muna's Monograph on Battling
   303 | D:1      | Reached XP level 2. HP: 17/24 MP: 2/2
   804 | D:1      | Reached skill level 4 in Fighting
  1046 | D:2      | Gained mutation: You are in touch with the powers of death.
                  | [Mummy growth]
  1046 | D:2      | Reached XP level 3. HP: 27/31 MP: 3/3
  1512 | D:2      | Reached XP level 4. HP: 19/38 MP: 4/4
  1514 | D:2      | Reached skill level 5 in Fighting
  1978 | D:2      | Found a faded altar of an unknown god.
  2282 | D:3      | Noticed Natasha
  2289 | D:3      | Killed Natasha
  2290 | D:3      | Reached XP level 5. HP: 36/46 MP: 5/5
  2352 | D:3      | Reached skill level 6 in Fighting
  2928 | D:3      | Noticed Natasha
  2939 | D:3      | Killed Natasha
  3487 | D:3      | Noticed Natasha
  3490 | D:3      | Reached XP level 6. HP: 34/53 MP: 6/6
  3499 | D:3      | Killed Natasha
  3713 | D:3      | Found a broken altar of Ashenzari.
  4025 | D:4      | Noticed Robin
  4072 | D:4      | Killed Robin
  4118 | D:4      | Found a glowing drain.
  4224 | Sewer    | Entered a sewer
  4682 | Sewer    | Reached skill level 1 in Throwing
  5216 | D:4      | Reached skill level 1 in Evocations
  5632 | D:4      | Reached skill level 1 in Dodging
  5632 | D:4      | Reached XP level 7. HP: 26/59 MP: 7/7
  5997 | D:5      | Entered Level 5 of the Dungeon
  6009 | D:5      | Reached skill level 7 in Fighting
  6138 | D:5      | Found a staircase to the Ecumenical Temple.
  6148 | Temple   | Entered the Ecumenical Temple
  6327 | D:5      | HP: 3/60 [gnoll bouda/+0 whip (6)]
  6333 | D:5      | HP: 3/60 [gnoll/+0 club[a gnoll bouda] (1)]
  7163 | D:5      | Found a hide-covered altar of Uskayaw.
  7183 | D:5      | Reached XP level 8. HP: 49/67 MP: 8/8
  8304 | D:6      | Found an ancient bone altar of Kikubaaqudgha.
  8322 | D:6      | Noticed Maggie
  8352 | D:6      | Killed Maggie
  8529 | D:6      | Found a snail-covered altar of Cheibriados.
  8796 | D:6      | Found a bloodstained altar of Trog.
  9403 | D:6      | Found an iron altar of Okawaru.
  9488 | D:7      | Noticed a gargoyle
  9502 | D:7      | HP: 1/68 [gargoyle/+0 mace (20)]
  9504 | D:7      | Demolished by a gargoyle

Illustrated notes

Levels and vault maps discovered:
D:1:      minmay_arrival_shattered_statue, layout_basic,
          hangedman_abyss_or_decor_lesser_grid
D:2:      layout_loops_corners, ebering_ecumenical_altar_hall, st_stairs_9,
          kennysheep_donut, nicolae_wormholes
D:3:      layout_basic, mainiacjoe_overflow_concentric_impassable,
          minmay_three_crescents, uniq_natasha
D:4:      layout_basic, portal_sewer_entry_f, serial_bayou_lagoon_a, uniq_robin
D:5:      layout_basic, overflow_temple_1_default, minmay_temple_entry_slanted,
          minmay_misc_feat_secret_circle, grunt_ministairs_13
D:6:      layout_basic, lemuel_coloured_pillars_altar, lemuel_round_altar,
          old_standard_altar, kiku_gazebo_pond_becter, uniq_maggie
D:7:      layout_basic, nicolae_elyvilon_peaceful_grove
Temple:   hellmonk_temple_flake

Skill      XL: |  1  2  3  4  5  6  7  8 |
---------------+-------------------------+-----
Fighting       | 4 5 6 7 |  7.8
Axes           | 2 3 |  3.8
Throwing       | 1 2 3 |  3.1
Evocations     | 1 2 |  2.7
Dodging        | 1 2 |  2.6
Armour         | 3 4 |  4.0
Shields        | 3 |  3.1

Action                   |  1- 3 |  4- 6 |  7- 9 || total
-------------------------+-------+-------+-------++-------
Melee: War axe           |   102 |    78 |       ||   180
       Hand axe          |       |   265 |   239 ||   504
Throw: Dart              |       |     2 |    12 ||    14
Evoke: Wand              |       |     1 |     8 ||     9
  Use: Scroll            |     1 |     6 |     3 ||    10
 Stab: Invisible         |       |     1 |       ||     1
Armor: Scale mail        |    72 |   145 |    11 ||   228
       Ring mail         |       |       |   111 ||   111
Dodge: Dodged            |    80 |   172 |   148 ||   400
Block: Buckler           |    33 |    65 |    46 ||   144
